 Dungeon Crawl Stone Soup version 0.31-a0-232-gb1c03b2570 (webtiles) character file.

Game seed: 18225060591347590157

172 qw the Shooter (level 5, -2/44 HPs)
             Began as a Minotaur Hexslinger on July 7, 2023.
             Was an Initiate of Okawaru.
             Slain by an orc wizard
             ... wielding a +0 dagger
              (3 damage)
             ... on level 4 of the Dungeon.
             The game lasted 00:00:53 (2407 turns).

qw the Shooter (Minotaur Hexslinger)                Turns: 2407, Time: 00:00:54

Health: -2/44      AC:  7    Str: 13    XL:     5   Next: 27%
Magic:  5/5        EV: 11    Int: 10    God:    Okawaru [......]
Gold:   1047       SH:  0    Dex: 14    Spells: 5/6 levels left

rFire   . . .        Y - +1 sling
rCold   . . .        (no shield)
rNeg    . . .        b - +0 ring mail
rPois   .            (helmet restricted)
rElec   .            j - +1 cloak {rCorr}
rCorr   +            (no gloves)
SInv    .            (no boots)
Will    .....        d - amulet of the acrobat
Stlth   +            (no ring)
HPRegen 0.27/turn    (no ring)
MPRegen 0.09/turn

%: acrobat
@: no status effects
A: horns 2, retaliatory headbutt
a: Renounce Religion


You were on level 4 of the Dungeon.
You worshipped Okawaru.
Okawaru was noncommittal.
You visited 1 branch of the dungeon, and saw 4 of its levels.

You collected 1196 gold pieces.
You spent 149 gold pieces at shops.


Innate Abilities, Weirdness & Mutations

You have a pair of horns on your head.
You reflexively headbutt those who attack you in melee.


   Skills:
 + Level 2.8 Fighting
 - Level 5.0 Ranged Weapons
 - Level 2.2 Armour
 - Level 2.1 Dodging
 - Level 1.0 Spellcasting
 - Level 2.0 Hexes


You had 5 spell levels left.
You knew the following spells:

 Your Spells              Type           Power      Damage    Failure   Level
a - Slow                  Hex            16%        N/A       32%         1

Your spell library contained the following spells:

 Spells                   Type           Power      Damage    Failure   Level
 Inner Flame              Hex/Fire       2%         N/A       82%         3
 Portal Projectile        Hex/Tloc       4%         N/A       82%         3
 Cause Fear               Hex            2%         N/A       97%         4

Inventory:

Hand Weapons
 Y - a +1 sling (weapon)
Armour
 b - a +0 ring mail (worn)
 j - a +1 cloak of preservation (worn)
Jewellery
 a - a ring of poison resistance
 d - an amulet of the acrobat (around neck)
Scrolls
 g - a scroll of identify
Potions
 c - a potion of magic {unknown}
 e - a potion of degeneration {unknown}

Dungeon Overview and Level Annotations

Branches:
Dungeon (4/15)
 Temple: D:4-7

Altars:
Okawaru
Vehumet
Xom

Shops:
D:3 [


Message History

The orc wizard mumbles some strange words.
The orc wizard flickers and vanishes!
You shoot a sling bullet.
The sling bullet closely misses the orc.
The endoplasm jiggles.
You shoot a sling bullet.
The sling bullet completely misses the orc.
The orc closely misses you.
You shoot a sling bullet. The sling bullet barely misses the orc.
The orc hits you but does no damage. The endoplasm freezes you.
You are frozen.
The endoplasm completely misses you. You furiously retaliate!
You headbutt the endoplasm.
You hear some strange, mumbled words.
A magic dart appears from out of thin air!
The magic dart hits you! The orc hits you with a +0 flail.
You shoot a sling bullet. The sling bullet hits the endoplasm.
You kill the endoplasm!
Okawaru accepts your kill. Something hits you.
The orc hits you but does no damage.
You shoot a sling bullet. The sling bullet barely misses the orc.
Something hits you but does no damage. The orc hits you with a +0 flail.
You shoot a sling bullet.
The sling bullet hits the orc but does no damage.
Something hits you but does no damage. The orc closely misses you.
You furiously retaliate!
You headbutt the orc, but do no damage.
You hear some strange, mumbled words.
A magic dart appears from out of thin air!
The magic dart hits you. The orc hits you with a +0 flail. Something hits you.
You shoot a sling bullet.
The sling bullet closely misses the orc.
Something hits you.
You hear some strange, mumbled words.
A puff of flame appears from out of thin air!
The puff of flame hits you! The orc hits you with a +0 flail.
You shoot a sling bullet. The sling bullet hits the orc!
You kill the orc!
Okawaru accepts your kill. Something hits you.
You die...

# #.# #. #.#
###.###.##
.........# .
#####..%###### .
#......#...#.###.
#.###.##.#.#....#
#.###.##.#...##.#
#..o{@##.##...#.#
##..{)##....#.#.#
#.#.##.###.#...##
#.#. #...######'#
# .. #._.# #.#
.#. #...# #.# ...
##### ##.#### .
.. #.....#
#.....#


You could see an orc.

Vanquished Creatures
  A jelly (D:3)
  2 orc wizards (D:4)
  4 adders
  An ufetubus (D:4)
  A dart slug (D:4)
  4 orcs (D:4)
  9 ball pythons
  2 bats (D:1)
  5 endoplasms
  2 giant cockroaches (D:3)
  5 goblins
  3 hobgoblins
  3 quokkas
  8 frilled lizards
  A kobold (D:4)
  3 rats (D:3)
54 creatures vanquished.

Notes
Turn   | Place    | Note
-------+----------+-------------------------------------------
     0 | D:1      | qw the Minotaur Hexslinger began the quest for the Orb.
     0 | D:1      | Reached XP level 1. HP: 16/16 MP: 1/1
     0 | D:1      | 0 ||| qw: Version: 0.3-a-46-gb1f654a
     0 | D:1      | 0 ||| qw: Game counter: 2315
     0 | D:1      | 0 ||| qw: Melee chars always use a shield: true
     0 | D:1      | 0 ||| qw: God list: Okawaru
     0 | D:1      | 0 ||| qw: Allow faded altars: false
     0 | D:1      | 0 ||| qw: Do Orc after clearing Dungeon:15 true
     0 | D:1      | 0 ||| qw: Do second Lair branch before Depths: true
     0 | D:1      | 0 ||| qw: Lair rune preference: random
     0 | D:1      | 0 ||| qw: Goals: Normal
     0 | D:1      | 0 ||| PLANNING D:1-11
   293 | D:1      | Reached skill level 3 in Ranged Weapons
   344 | D:1      | Found a faded altar of an unknown god.
   355 | D:1      | Reached XP level 2. HP: 23/23 MP: 2/2
   630 | D:1      | 630 ||| UPGRADING to +0 leather armour.
   640 | D:1      | 640 ||| DROPPING +0 robe.
   641 | D:1      | 641 ||| READING scroll labelled COZ ZASTUMUPH.
   642 | D:1      | 642 ||| READING scroll labelled BIARIAQ JIPUFO.
   643 | D:1      | 643 ||| READING scroll labelled JAPAPS NUGO.
   644 | D:1      | 644 ||| DROPPING scroll of poison.
   799 | D:2      | Found an iron altar of Okawaru.
   801 | D:2      | 801 ||| PLANNING OKAWARU WORSHIP
   814 | D:2      | Became a worshipper of Warmaster Okawaru
   815 | D:2      | 815 ||| PLANNING D:1-11
  1158 | D:2      | HP: 6/24 [adder (1)]
  1161 | D:2      | HP: 1/24 [poisoned by an adder]
  1188 | D:2      | HP: 5/24 [quokka (3)]
  1189 | D:2      | HP: 2/24 [quokka (3)]
  1192 | D:2      | Reached XP level 3. HP: 2/29 MP: 3/3
  1580 | D:2      | 1580 ||| UPGRADING to +0 ring mail.
  1590 | D:2      | 1590 ||| DROPPING +0 leather armour.
  1591 | D:2      | 1591 ||| UPGRADING to amulet of the acrobat.
  1596 | D:2      | 1596 ||| DROPPING ring of wizardry.
  1659 | D:3      | Reached skill level 4 in Ranged Weapons
  1712 | D:3      | Reached XP level 4. HP: 36/36 MP: 4/4
  1838 | D:3      | Found a radiant altar of Vehumet.
  1879 | D:3      | Found Kiut's Armour Shoppe.
  1888 | D:3      | 1888 ||| BUYING +0 cloak of preservation (149 gold).
  1888 | D:3      | Bought a +0 cloak of preservation for 149 gold pieces
  1888 | D:3      | 1888 ||| SHOPLISTING +1 ring mail of Fresh Joy {rPois rC+
                  | Str-2} (299 gold, have 42).
  1888 | D:3      | 1888 ||| SHOPLISTING +1 troll leather armour of Ashenzari's
                  | Pride {rElec Regen+ rCorr Int-5} (378 gold, have 42).
  1948 | D:3      | 1948 ||| UPGRADING to +0 cloak of preservation.
  1953 | D:3      | 1953 ||| READING scroll labelled GEMENT BUNOLYP.
  1954 | D:3      | 1954 ||| READING scroll labelled BIGHIA RAZXU.
  1955 | D:3      | 1955 ||| READING 3 scrolls labelled QIABAJO YFANK.
  1956 | D:3      | 1956 ||| READING scroll labelled WUONUPR FINLUH.
  1956 | D:3      | Identified a scroll of acquirement
  1956 | D:3      | 1956 ||| ACQUIRING 969 gold pieces
  1956 | D:3      | Acquired 969 gold pieces
  1958 | D:3      | 1958 ||| READING scroll labelled RIHELE HO SOPN.
  2059 | D:3      | 2059 ||| READING 2 scrolls of identify.
  2059 | D:3      | 2059 ||| IDENTIFYING sedimented yellow potion
  2060 | D:3      | 2060 ||| DROPPING potion of ambrosia.
  2122 | D:4      | 2122 ||| READING scroll of enchant armour.
  2122 | D:4      | 2122 ||| ENCHANTING +0 cloak of preservation.
  2149 | D:4      | 2149 ||| FLEEEEING.
  2150 | D:4      | 2150 ||| FLEEEEING.
  2176 | D:4      | Reached skill level 5 in Ranged Weapons
  2176 | D:4      | Reached XP level 5. HP: 41/41 MP: 5/5
  2374 | D:4      | Found a shimmering altar of Xom.
  2406 | D:4      | HP: 6/44 [something/puff of flame (8)]
  2406 | D:4      | HP: 1/44 [orc/+0 flail (5)]
  2407 | D:4      | Slain by an orc wizard

Levels and vault maps discovered:
D:1:      dpeg_arrival_connections, layout_loops_ring,
          hellmonk_ecumenical_altar_heavens_door, nicolae_figureground_sparkle
D:2:      layout_loops_ring, basic_altar, serial_co_window_serial,
          co_window_paths_a, co_window_paths_a, co_window_paths_a,
          co_window_paths_b, co_window_paths_a, co_window_of_opportunity_c,
          co_window_2corner, co_window_of_opportunity_b, glass_columns_a,
          glass_columns_a, glass_columns_a, glass_columns_a, glass_columns_b,
          minmay_lizard_pond
D:3:      layout_rooms, nicolae_vehumet_altar_sigil, serial_shops, shop
D:4:      layout_loops_ring, nicolae_hepliaklqana_monster_ancestors,
          mainiacjoe_overflow_swirl

Skill      XL: |  1  2  3  4 |
---------------+-------------+-----
Ranged Weapons | 3 4 5 |  5.0
Fighting       | 2 |  2.8
Armour         | 2 |  2.2
Dodging        | |  2.1
Spellcasting   | |  1.0
Hexes          | |  2.0

Action                     |  1- 3 |  4- 6 || total
---------------------------+-------+-------++-------
   Fire: Sling             |   110 |    87 ||   197
    Use: Scroll            |     3 |     7 ||    10
 Armour: Leather armour    |     5 |       ||     5
         Ring mail         |     2 |    11 ||    13
  Dodge: Dodged            |    43 |    18 ||    61

Table legend:
 A = Non-vault XP
 B = Vault XP
 C = Vault XP percentage of total XP
 D = Non-vault monster count
 E = Vault monster count
 F = Vault count percentage of total count
                 A         B        C        D         E       F
            +---------+---------+-------+---------+---------+-------
      Total |     244 |       6 |   2.4 |      48 |       6 |  11.1
            +---------+---------+-------+---------+---------+-------
        D:1 |      13 |       0 |   0.0 |       8 |       0 |   0.0
        D:2 |      25 |       6 |  19.4 |       8 |       6 |  42.9
        D:3 |      71 |       0 |   0.0 |      13 |       0 |   0.0
        D:4 |     135 |       0 |   0.0 |      19 |       0 |   0.0
            +---------+---------+-------+---------+---------+-------
